 Dungeon Crawl Stone Soup version 0.25-a0-949-gdd2af9e (webtiles) character file.

Game seed: 11413974648315674920, levelgen mode: deterministic

33 Illumine the Caller (level 3, -10/25 HPs)
             Began as a Gnoll Summoner on May 7, 2020.
             Killed from afar by a white imp (11 damage)
             ... with a puff of frost
             ... summoned by Natasha
             ... on level 2 of the Dungeon.
             The game lasted 00:02:16 (1288 turns).

Illumine the Caller (Gnoll Summoner)                Turns: 1288, Time: 00:02:16

Health: -10/25     AC:  2    Str: 10    XL:     3   Next: 29%
Magic:  6/9        EV: 14    Int: 18    God:
Gold:   77         SH:  0    Dex: 15    Spells: 9/12 levels left

rFire    . . .     SeeInvis .   e - +0 spear
rCold    . . .     Gourm    .   (no shield)
rNeg     . . .     Faith    .   a - +0 robe
rPois    .         Spirit   .   (no helmet)
rElec    .         Reflect  .   (no cloak)
rCorr    .         Harm     .   (no gloves)
MR       .....                  (no boots)
Stlth    +++.......             (no amulet)
HPRegen  0.08/turn              (no ring)
MPRegen  0.11/turn              (no ring)

@: no status effects
A: distributed training, fangs 1, strong nose
a: no special abilities


You were on level 2 of the Dungeon.
You were not hungry.

You visited 1 branch of the dungeon, and saw 2 of its levels.

You collected 77 gold pieces.

Inventory:

Hand Weapons
 e - a +0 spear (weapon)
Missiles
 b - 80 stones (quivered)
 h - 3 javelins
Armour
 a - a +0 robe (worn)
Scrolls
 g - 2 scrolls of identify {unknown}
 i - a scroll of amnesia {unknown}
 j - a scroll of fear {unknown}
Potions
 d - a potion of mutation {unknown}
 k - 2 potions of curing {unknown}
Comestibles
 c - a ration
 f - 4 chunks of flesh


   Skills:
 + Level 0.7 Fighting
 + Level 0.7 Short Blades
 + Level 0.7 Long Blades
 + Level 0.7 Axes
 + Level 0.7 Maces & Flails
 + Level 0.7 Polearms
 + Level 0.7 Staves
 + Level 0.7 Slings
 + Level 0.7 Bows
 + Level 0.7 Crossbows
 + Level 0.7 Throwing
 + Level 0.7 Armour
 + Level 4.5 Dodging
 + Level 4.1 Stealth
 + Level 0.7 Shields
 + Level 0.7 Unarmed Combat
 + Level 5.0 Spellcasting
 + Level 0.5 Conjurations
 + Level 0.5 Hexes
 + Level 0.5 Charms
 + Level 7.1 Summonings
 + Level 0.5 Necromancy
 + Level 0.5 Translocations
 + Level 0.5 Transmutations
 + Level 0.5 Fire Magic
 + Level 0.5 Ice Magic
 + Level 0.5 Air Magic
 + Level 0.5 Earth Magic
 + Level 0.5 Poison Magic
 + Level 0.9 Invocations
 + Level 0.7 Evocations


You had 9 spell levels left.
You knew the following spells:

 Your Spells              Type           Power        Failure   Level  Hunger
a - Summon Small Mammal   Summ           ####         1%          1    None
b - Call Imp              Summ           ####....     1%          2    #......

Your spell library contained the following spells:

 Spells                   Type           Power        Failure   Level  Hunger
 Call Canine Familiar     Summ           ####....     2%          3    ##.....
 Summon Guardian Golem    Hex/Summ       ###.....     9%          3    ##.....
 Beastly Appendage        Tmut           #.....       11%         1    None
 Sticks to Snakes         Tmut           #.......     16%         2    #......
 Summon Ice Beast         Ice/Summ       ###.....     28%         4    ####...
 Summon Lightning Spire   Summ/Air       ###.....     28%         4    ####...
 Spider Form              Tmut/Pois      #.........   32%         3    ##.....
 Ice Form                 Ice/Tmut       #.......     71%         4    ####...
 Blade Hands              Tmut           #.........   96%         5    ######.


Dungeon Overview and Level Annotations

Branches:
Dungeon (2/15)

Altars:

Annotations:
D:2 Natasha


Innate Abilities, Weirdness & Mutations

Your experience applies equally to all skills.
You have very sharp teeth.
Your uncanny sense of smell can sniff out nearby items.


Message History

Orders for allies: a - Attack new target. r - Retreat! s - Stop attacking. g - Guard the area. f - Follow me.
Anything else - Cancel.
Gang up on whom?
Press: ? - help, Dir - move target cursor, f - Natasha
Aim: Natasha Attack!
The white imp gestures at you. The puff of frost hits you!
You swap places.
Natasha claws your crimson imp!
Your crimson imp dies!
Natasha claws your crimson imp but does no damage.
The white imp gestures at you. The puff of frost hits you!
* * * LOW HITPOINT WARNING * * *
There is a stone staircase leading down here.
The white imp gestures at you. The puff of frost hits you!
You die...

#...# #55%#
#..h# #..5#####
#.......##
#5.....#
#.###..#
#######5###..##
.......÷.@...<#
.#####....#..##
#.......###
#.........#
#.#.###.#.#
#.#........# ##
#.÷.....#..#
#.#
###÷####.....
#.##.....#
.##.#


You could see a white imp.

Vanquished Creatures
  An adder (D:2)
  2 hobgoblins
  4 bats
  A frilled lizard (D:1)
  2 goblins (D:1)
  6 rats
16 creatures vanquished.

Vanquished Creatures (collateral kills)
  A gnoll (D:1)
  A dart slug (D:1)
  2 bats (D:1)
  A giant cockroach (D:1)
  A hobgoblin (D:1)
  2 frilled lizards (D:1)
8 creatures vanquished.

Grand Total: 24 creatures vanquished

Notes
Turn   | Place    | Note
-------+----------+-------------------------------------------
     0 | D:1      | Illumine the Gnoll Summoner began the quest for the Orb.
     0 | D:1      | Reached XP level 1. HP: 13/13 MP: 6/6
   414 | D:1      | Reached XP level 2. HP: 19/19 MP: 7/7
   418 | D:1      | Learned a level 2 spell: Call Imp
  1197 | D:2      | Reached XP level 3. HP: 25/25 MP: 3/9
  1277 | D:2      | Noticed Natasha
  1282 | D:2      | Reached skill level 5 in Spellcasting
  1286 | D:2      | HP: 1/25 [white imp/puff of frost[Natasha] (10)]
  1288 | D:2      | Killed from afar by a white imp

Levels and vault maps discovered:
D:1:      saegor_arrival_simple_c, layout_basic, kennysheep_small_spiral
D:2:      layout_loops_cross, zin_scriptorium,
          chequers_temple_overflow_statue_of_worship, cheibriados_altar_1,
          first_ration, uniq_natasha, uniq_robin

Skill      XL: |  1  2  3 |
---------------+----------+-----
Spellcasting   | 5 |  5.0
Fighting       | |  0.7
Short Blades   | |  0.7
Long Blades    | |  0.7
Axes           | |  0.7
Maces & Flails | |  0.7
Polearms       | |  0.7
Staves         | |  0.7
Slings         | |  0.7
Bows           | |  0.7
Crossbows      | |  0.7
Throwing       | |  0.7
Armour         | |  0.7
Dodging        | |  4.5
Stealth        | |  4.1
Shields        | |  0.7
Unarmed Combat | |  0.7
Conjurations   | |  0.5
Hexes          | |  0.5
Charms         | |  0.5
Summonings     | |  7.1
Necromancy     | |  0.5
Translocations | |  0.5
Transmutations | |  0.5
Fire Magic     | |  0.5
Ice Magic      | |  0.5
Air Magic      | |  0.5
Earth Magic    | |  0.5
Poison Magic   | |  0.5
Invocations    | |  0.9
Evocations     | |  0.7

Action                   || total
-------------------------++-------
Melee: Spear             ||    40
       Bite              ||     2
 Cast: Summon Small Mamm ||    22
       Call Imp          ||    11
 Stab: Sleeping          ||     3
  Eat: Chunk             ||     1
Armor: Robe              ||     6
Dodge: Dodged            ||    28

Table legend:
 A = Non-vault XP
 B = Vault XP
 C = Vault XP percentage of total XP
 D = Non-vault monster count
 E = Vault monster count
 F = Vault count percentage of total count
                 A         B        C        D         E       F
            +---------+---------+-------+---------+---------+-------
      Total |      48 |       0 |   0.0 |      24 |       0 |   0.0
            +---------+---------+-------+---------+---------+-------
        D:1 |      31 |       0 |   0.0 |      19 |       0 |   0.0
        D:2 |      17 |       0 |   0.0 |       5 |       0 |   0.0
            +---------+---------+-------+---------+---------+-------
